 Dungeon Crawl Stone Soup version 0.29-a0-757-g358383bc75 (webtiles) character file.

Game seed: 6276477348968138156

169 zeratav the Ruffian (level 5, -2/53 HPs)
             Began as a Troll Fighter on July 1, 2022.
             Slain by a gnoll sergeant
             ... wielding a +1 vorpal spear
              (7 damage)
             ... on level 3 of the Dungeon.
             The game lasted 00:02:09 (1722 turns).

zeratav the Ruffian (Troll Fighter)                 Turns: 1722, Time: 00:02:10

Health: -2/53      AC:  4    Str: 26    XL:     5   Next: 25%
Magic:  4/4        EV: 12    Int:  4    God:
Gold:   183        SH:  7    Dex:  9    Spells: 4/4 levels left

rFire   . . .      SeeInvis .     - Unarmed
rCold   . . .      Faith    .   b - +0 kite shield
rNeg    . . .      Spirit   .   a - +0 robe
rPois   .          Reflect  .   (helmet restricted)
rElec   .          Harm     .   (no cloak)
rCorr   .          Rampage  .   (gloves unavailable)
Will    .....                   (boots unavailable)
Stlth   +.........              (no amulet)
HPRegen 0.97/turn               j - +4 ring of evasion
MPRegen 0.09/turn               (no ring)

@: no status effects
A: large, unfitting armour, claws 3, regeneration 1, shaggy fur 1, tough skin 1
a: no special abilities


You were on level 3 of the Dungeon.
You visited 1 branch of the dungeon, and saw 3 of its levels.

You collected 183 gold pieces.


Innate Abilities, Weirdness & Mutations

You are too large for most types of armour.
You have claws for hands.
Your natural rate of healing is unusually fast.
You are covered in fur. (AC +1)
You have tough skin. (AC +1)


   Skills:
 + Level 3.1 Fighting
 + Level 1.8 Throwing
 - Level 2.4 Dodging
 + Level 3.4 Shields
 + Level 3.7 Unarmed Combat


You had 4 spell levels left.
You didn't know any spells.
Your spell library contained the following spells:

 Spells                   Type           Power      Damage    Failure   Level
 Slow                     Hex            0%         N/A       80%         1
 Ensorcelled Hibernation  Hex/Ice        0%         N/A       90%         2
 Summon Guardian Golem    Hex/Summ       0%         N/A       99%         3
 Tukima's Dance           Hex            0%         N/A       99%         3
 Fulminant Prism          Conj/Hex       0%         3d6       100%        4
 Passage of Golubria      Tloc           0%         N/A       100%        4
 Yara's Violent Unravell  Hex/Tmut       0%         3d3       100%        5

Inventory:

Hand Weapons
 e - a +0 dagger {short}
   (You took it off a kobold on level 1 of the Dungeon)
 g - a +0 dagger {short}
   (You took it off a goblin on level 1 of the Dungeon)
Armour
 a - a +0 robe (worn)
 b - a +0 kite shield (worn)
Jewellery
 j - a +4 ring of evasion (left claw)
   (You found it on level 1 of the Dungeon)
Scrolls
 d - 2 scrolls of identify {unknown}
 f - a scroll of fog {unknown}
 h - 2 scrolls of teleportation {unknown}
 i - a scroll of magic mapping {unknown}
 k - 2 scrolls of enchant armour {unknown}
 n - a scroll of acquirement {unknown}
 t - a scroll of vulnerability {unknown}
Potions
 c - a potion of might
 l - a potion of haste {unknown}
 m - a potion of curing {unknown}
 o - a potion of lignification {unknown}
 p - 2 potions of cancellation {unknown}
 q - a potion of flight {unknown}
 r - a potion of degeneration {unknown}
 s - a potion of magic {unknown}
 u - a potion of mutation {unknown}
 v - a potion of resistance {unknown}

Dungeon Overview and Level Annotations

Branches:
Dungeon (3/15) Zot: 16265

Altars:

Shops:
D:1 ( #.######.. #.......... ....# #.#######.?. ...# #.... #.# .....# #...# # ##.#### .#..# #....## ....†.# ...# #....## ##.##.# gg#

#..#.## ##.##.#
#g########.#...#.#
...##.# #@#........#..#
. .####.#
.#####.#.########.## ##
.####.#
#...........†.......###.
......#
#....................#.#
.######
######.....########.#.##
.#### #..≈≈.# #.####
....# #.≈⌠≈.# #.####
.##.# #..≈...# #.##..
.##.######## #......#
##.##.#


You could see a gnoll sergeant, a gnoll and a hobgoblin.


Message History

No target in view!
No target in view!
No target in view!
No target in view!
No target in view!
No target in view!
No target in view!
HP[+3]
Your hp is fully restored (53).
A bat is nearby!
A bat is nearby!
The bat hits you but does no damage.
You claw the bat!
You kill the bat!
No target in view!
No target in view!
No target in view!
No target in view!
No target in view!
No target in view!
No target in view!
No target in view!
No target in view!
No target in view!
No target in view!
No target in view!
No target in view!
No target in view!
No target in view!
You see here a bat corpse.
You now have 183 gold pieces (gained 4).
The gnoll sergeant shouts!
The gnoll shouts!
There are monsters nearby!
There are monsters nearby!
The gnoll sergeant hits you with a +1 vorpal spear.
HP[-4]
You take 4 damage, and now have 49/53 hp.
You scratch the gnoll sergeant.
The gnoll sergeant hits you but does no damage.
The gnoll hits you from afar with a +0 spear.
The gnoll sergeant barely misses you.
HP[-5]
You take 5 damage, and now have 44/53 hp.
The gnoll sergeant blocks your attack. The gnoll barely misses you.
The gnoll sergeant hits you with a +1 vorpal spear!
HP[-11]
You take 11 damage, and now have 33/53 hp.
MASSIVE DAMAGE!! (PAUSE)
You barely miss the gnoll sergeant.
The gnoll hits you from afar with a +0 spear.
You block the gnoll sergeant's attack.
You barely miss the gnoll sergeant.
A hobgoblin comes into view.
The gnoll hits you from afar with a +0 spear.
You block the gnoll sergeant's attack.
You claw the gnoll sergeant! You block the gnoll's attack.
The gnoll sergeant hits you with a +1 vorpal spear.
* * * LOW HITPOINT WARNING * * *
x2 You are too injured to fight recklessly!
You are too injured to fight recklessly!
You are too injured to fight recklessly!
You are too injured to fight recklessly!
You are too injured to fight recklessly!
You are too injured to fight recklessly!
HP[-10]
You take 10 damage, and now have 23/53 hp.
You are too injured to fight recklessly!
You are too injured to fight recklessly!
You are too injured to fight recklessly!
You are too injured to fight recklessly!
You are too injured to fight recklessly!
You are too injured to fight recklessly!
You are too injured to fight recklessly!
You are too injured to fight recklessly!
You are too injured to fight recklessly!
The gnoll sergeant blocks your attack. You block the gnoll's attack.
The gnoll sergeant misses you.
HP[+1]
You scratch the gnoll sergeant. The gnoll barely misses you.
The gnoll sergeant hits you with a +1 vorpal spear.
* * * LOW HITPOINT WARNING * * *
x2 HP[-7]
You take 7 damage, and now have 17/53 hp.
You scratch the gnoll sergeant. The gnoll barely misses you.
The gnoll sergeant hits you with a +1 vorpal spear!
* * * LOW HITPOINT WARNING * * *
x2 HP[-11]
You take 11 damage, and now have 6/53 hp.
MASSIVE DAMAGE!! (PAUSE)
You barely miss the gnoll sergeant. You block the gnoll's attack.
The gnoll sergeant misses you.
HP[+1]
You scratch the gnoll sergeant. The gnoll barely misses you.
The gnoll sergeant closely misses you.
HP[+1]
The gnoll sergeant blocks your attack.
The gnoll hits you from afar with a +0 spear.
* * * LOW HITPOINT WARNING * * *
The gnoll sergeant hits you with a +1 vorpal spear!
You die...

Skill      XL: |  1  2  3  4 |
---------------+-------------+-----
Unarmed Combat | 3 |  3.7
Throwing       | 1 |  1.8
Shields        | 3 |  3.4
Fighting       | 3 |  3.1
Dodging        | |  2.4

Action                   |  1- 3 |  4- 6 || total
-------------------------+-------+-------++-------
Melee: Unarmed           |    73 |    71 ||   144
 Stab: Sleeping          |     2 |       ||     2
Armor: Robe              |    25 |    10 ||    35
Dodge: Dodged            |    23 |    35 ||    58
Block: Kite shield       |    26 |    26 ||    52

Levels and vault maps discovered:
D:1:      co_arrival_square_in_a_square_in_a_square, layout_loops_ring,
          serial_shops, nicolae_shop_statue_plus
D:2:      layout_basic, shapermc_ecumenical_altar_mp_vishouse, serial_curves,
          eino_curves_02, eino_curves_01, kennysheep_nondescript, uniq_terence
D:3:      layout_loops_ring, corexii_leaking_fountain, moated_statue,
          chequers_decorated_corner, minivault_27, minmay_cupped

Notes
Turn   | Place    | Note
-------+----------+-------------------------------------------
     0 | D:1      | zeratav the Troll Fighter began the quest for the Orb.
     0 | D:1      | Reached XP level 1. HP: 22/22 MP: 0/0
     0 | D:1      | magus.rc [v1.9.6]
    12 | D:1      | You add the spells Slow, Ensorcelled Hibernation, Summon
                  | Guardian Golem and Fulminant Prism to your library.
    12 | D:1      | Got the Reference Book on Bewitchment
   123 | D:1      | Reached XP level 2. HP: 28/29 MP: 1/1
   206 | D:1      | Reached skill level 3 in Unarmed Combat
   474 | D:1      | Found Ulilas's Antique Weapon Boutique.
   855 | D:2      | Reached XP level 3. HP: 36/36 MP: 2/2
  1022 | D:2      | Reached skill level 1 in Throwing
  1034 | D:2      | Noticed Terence
  1041 | D:2      | Killed Terence
  1042 | D:2      | Reached skill level 3 in Shields
  1042 | D:2      | Reached XP level 4. HP: 38/44 MP: 3/3
  1205 | D:2      | Found a faded altar of an unknown god.
  1242 | D:2      | You add the spells Tukima's Dance, Passage of Golubria and
                  | Yara's Violent Unravelling to your library.
  1405 | D:3      | Noticed a gnoll sergeant
  1520 | D:3      | Reached skill level 3 in Fighting
  1520 | D:3      | Reached XP level 5. HP: 53/53 MP: 4/4
  1719 | D:3      | HP: 8/53 [gnoll sergeant/+1 vorpal spear (10)]
  1722 | D:3      | Slain by a gnoll sergeant

Vanquished Creatures
  A jelly (D:3)
  Terence (D:2)
  2 gnolls (D:2)
  4 adders
  6 bats
  4 endoplasms
  4 giant cockroaches
  6 goblins
  8 hobgoblins
  2 jackals (D:2)
  3 quokkas
  6 ball pythons
  3 frilled lizards
  5 kobolds
  3 rats (D:2)
58 creatures vanquished.

Table legend:
 A = Non-vault XP
 B = Vault XP
 C = Vault XP percentage of total XP
 D = Non-vault monster count
 E = Vault monster count
 F = Vault count percentage of total count
                 A         B        C        D         E       F
            +---------+---------+-------+---------+---------+-------
      Total |     206 |      36 |  14.9 |      57 |       1 |   1.7
            +---------+---------+-------+---------+---------+-------
        D:1 |      36 |       0 |   0.0 |      22 |       0 |   0.0
        D:2 |      89 |      36 |  28.8 |      24 |       1 |   4.0
        D:3 |      81 |       0 |   0.0 |      11 |       0 |   0.0
            +---------+---------+-------+---------+---------+-------

Illustrated notes

Table legend:
 A = Kills in this place as a percentage of kills in entire the game.
 B = Kills by you in this place as a percentage of kills by you in the entire game.
 C = Kills by friends in this place as a percentage of kills by friends in the entire game.
 D = Other kills in this place as a percentage of other kills in the entire game.
 E = Experience gained in this place as a percentage of experience gained in the entire game.
 F = Experience gained in this place divided by the number of levels of this place that you have seen.
                   A       B       C       D       E      F
               +-------+-------+-------+-------+-------+----------------------
         Total | 100.0 | 100.0 |   N/A |   N/A | 100.0 |  80.7
       Dungeon | 100.0 | 100.0 |   N/A |   N/A | 100.0 |  80.7
               +-------+-------+-------+-------+-------+----------------------

Table legend: (Time is in decaauts)
 A = Elapsed time spent in this place.
 B = Non-inter-level travel time spent in this place.
 C = Inter-level travel time spent in this place.
 D = Time resting spent in this place.
 E = Time spent auto-exploring this place.
 F = Levels seen in this place.
 G = Mean time per level.
                   A        B        C        D        E       F      G
               +--------+--------+--------+--------+--------+-----+--------+
         Total |   1733 |   1673 |     60 |     20 |   1304 |   3 |  577.7 |
       Dungeon |   1733 |   1673 |     60 |     20 |   1304 |   3 |  577.7 |
               +--------+--------+--------+--------+--------+-----+--------+

Top non-repeatable levels by time:
     D:1: 806 daAuts
     D:2: 687 daAuts
     D:3: 239 daAuts
